 Dungeon Crawl Stone Soup version 0.22-a0-413-ge8614c9 (webtiles) character file.

268 shitimlost the Chopper (level 6, -2/56 HPs)
             Began as a Hill Orc Monk on May 13, 2018.
             Was a Follower of Beogh.
             Slain by a wyvern (15 damage)
             ... on level 4 of the Dungeon.
             The game lasted 00:06:58 (3855 turns).

shitimlost the Chopper (Hill Orc Monk)              Turns: 3855, Time: 00:06:59

Health: -2/56      AC:  6    Str: 16    XL:     6   Next: 21%
Magic:  3/6        EV: 11    Int: 10    God:    Beogh [*.....]
Gold:   151        SH:  0    Dex: 13    Spells: 5/5 levels left

rFire    . . .     SeeInvis .   g - +3 hand axe (chop)
rCold    . . .     Gourm    .   (no shield)
rNeg     . . .     Faith    .   h - +0 ring mail
rPois    .         Spirit   .   (no helmet)
rElec    .         Reflect  .   (no cloak)
rCorr    .         Harm     .   k - +0 pair of gloves
MR       .....                  (no boots)
Stlth    +.........             (no amulet)
HPRegen  0.18/turn              (no ring)
MPRegen  0.10/turn              (no ring)

@: no status effects
A: no striking features
a: Renounce Religion


You were on level 4 of the Dungeon.
You worshipped Beogh.
Beogh was aware of your devotion.
You were not hungry.

You visited 1 branch of the dungeon, and saw 4 of its levels.

You collected 151 gold pieces.

Inventory:

Hand Weapons
 a - a +0 hand axe
 g - a +3 hand axe of chopping (weapon)
 u - a +2 mace of venom
Armour
 b - a +0 robe
 h - a +0 ring mail (worn)
 k - a +0 pair of gloves (worn)
 o - a cursed +0 ring mail
Jewellery
 m - an uncursed ring of flight {unknown}
Wands
 e - a wand of flame (29)
 f - a wand of digging (7)
 r - a wand of polymorph (10)
Scrolls
 d - 2 scrolls of remove curse
 l - a scroll of identify
Potions
 j - a potion of flight
 p - a potion of brilliance
 q - a potion of mutation {unknown}
 v - a potion of agility {unknown}
 w - a potion of curing {unknown}
Comestibles
 c - 4 rations
 i - a chunk of flesh


   Skills:
 + Level 5.4 Fighting
 + Level 6.0 Axes
 + Level 3.3 Armour
 - Level 2.5 Dodging
 - Level 1.7 Stealth


You had 5 spell levels left.
You didn't know any spells.
Your spell library was empty.

Dungeon Overview and Level Annotations

Branches:
Dungeon (4/15)
 Temple: D:4-7

Altars:
Okawaru

Annotations:
D:3 1 runed door, puissantveil's ghost, amateur GrEE


Message History

Your ring mail prevents you from hitting the wyvern.
The wyvern bites you!
You hit the wyvern but do no damage. The wyvern barely misses you.
The wyvern bites you.
Some of the chunks of flesh in your inventory have rotted away.
You hit the wyvern.
The wyvern is moderately wounded.
The wyvern bites you.
You hit the wyvern.
The wyvern is heavily wounded.
The wyvern bites you! The wyvern bites you.
* * * LOW HITPOINT WARNING * * *
Aiming: Smiting
Press: ? - help, Dir - move target cursor, f/p - wyvern Smite: a wyvern (heavily wounded)
You smite the wyvern!
The wyvern is almost dead.
You can no longer smite your foes.
The wyvern bites you!
You die...

.#.##.............#...
.#.###.##................
.#.#........).###.#......
.#.#######..............
...# #............###
...# #......^.?......
...# #............# ...#
###.#........#
#.#..@l....# #..........#
#..#.#.#.###
.......#.#... ###.#.##.#
.... ........# ..## ..###
..# .# ... ... ..


You could see a wyvern.

Vanquished Creatures
  A soldier ant (D:4)
  An orc wizard (D:2)
  A worker ant (D:4)
  6 adders
  A dart slug (D:1)
  A leopard gecko (D:1)
  3 orcs (D:2)
  4 bats
  12 goblins
  3 hobgoblins
  4 jackals (D:4)
  2 quokkas
  A ball python (D:3)
  6 frilled lizards
  4 kobolds
  A quokka skeleton (D:4)
  3 rats
54 creatures vanquished.

Vanquished Creatures (others)
  A hobgoblin (D:3)
1 creature vanquished.

Grand Total: 55 creatures vanquished

Notes
Turn   | Place    | Note
-------+----------+-------------------------------------------
     0 | D:1      | shitimlost the Hill Orc Monk began the quest for the Orb.
     0 | D:1      | Reached XP level 1. HP: 19/19 MP: 1/1
   243 | D:1      | Reached XP level 2. HP: 23/27 MP: 2/2
   970 | D:2      | Reached skill level 1 in Armour
   970 | D:2      | Reached XP level 3. HP: 5/33 MP: 3/3
  1605 | D:2      | Reached XP level 4. HP: 41/41 MP: 4/4
  1687 | D:2      | Reached skill level 5 in Axes
  1858 | D:2      | Found an iron altar of Okawaru.
  2354 | D:3      | Became a worshipper of Beogh the Brigand
  2354 | D:3      | Reached * piety under Beogh
  2354 | D:3      | Reached ** piety under Beogh
  2395 | D:3      | Noticed puissantveil's ghost (amateur GrEE)
  2970 | D:3      | Found a runed door.
  3044 | D:4      | Reached XP level 5. HP: 31/47 MP: 5/5
  3605 | D:4      | Noticed an ogre
  3630 | D:4      | Reached skill level 5 in Fighting
  3650 | D:4      | Noticed a soldier ant
  3650 | D:4      | an ogre changed into a soldier ant
  3665 | D:4      | Killed a soldier ant
  3665 | D:4      | Reached skill level 6 in Axes
  3665 | D:4      | Reached XP level 6. HP: 34/56 MP: 2/6
  3849 | D:4      | Noticed a wyvern
  3849 | D:4      | an ogre changed into a wyvern
  3855 | D:4      | Slain by a wyvern

Vault maps used:
D:1:      saegor_arrival_simple_a
D:2:      old_standard_altar, guppyfry_early_lair_pool
D:3:      uniq_crazy_yiuf_cottage
D:4:      first_ration, serial_shops, shop

Skill      XL: |  1  2  3  4  5 |
---------------+----------------+-----
Fighting       | 4 5 |  5.4
Armour         | 1 2 3 |  3.3
Axes           | 5 6 |  6.0
Dodging        | |  2.5
Stealth        | |  1.7

Action                   |  1- 3 |  4- 6 || total
-------------------------+-------+-------++-------
Melee: Hand axe          |    64 |   103 ||   167
Invok: Convert to Beogh  |       |     1 ||     1
       Smiting           |       |     2 ||     2
Evoke: Wand              |       |     6 ||     6
  Use: Potion            |     3 |     2 ||     5
       Scroll            |       |     5 ||     5
 Stab: Sleeping          |       |     1 ||     1
  Eat: Ration            |     1 |     1 ||     2
       Chunk             |       |     2 ||     2
Armor: Ring mail         |    20 |    40 ||    60
       Robe              |     1 |       ||     1
Dodge: Dodged            |    24 |    58 ||    82

Table legend:
 A = Spawn XP
 B = Non-spawn XP
 C = Spawn XP percentage of total XP
 D = Spawn monster count
 E = Non-spawn monster count
 F = Spawn count percentage of total count
 G = Total turns spent on level
                    A         B        C        D         E        F      G
               +---------+---------+-------+---------+---------+-------+---------
         Total |       0 |     384 |   0.0 |       0 |      54 |   0.0 |  3855
               +---------+---------+-------+---------+---------+-------+---------
           D:1 |       0 |      22 |   0.0 |       0 |      11 |   0.0 |   907
           D:2 |       0 |     103 |   0.0 |       0 |      23 |   0.0 |  1905
           D:3 |       0 |      25 |   0.0 |       0 |       9 |   0.0 |   754
           D:4 |       0 |     234 |   0.0 |       0 |      11 |   0.0 |   289
               +---------+---------+-------+---------+---------+-------+---------
